 Dungeon Crawl Stone Soup version 0.31-a0-441-g867994ef1c (webtiles) character file.

Game seed: 7098894270996565717

88 avis the Ruffian (level 4, -5/33 HPs)
             Began as a Merfolk Shapeshifter on Aug 3, 2023.
             Slain by Sigmund
             ... wielding a +1 heavy scythe
              (14 damage)
             ... on level 3 of the Dungeon.
             The game lasted 00:07:53 (1699 turns).

avis the Ruffian (Merfolk Shapeshifter)             Turns: 1699, Time: 00:07:53

Health: -5/33      AC:  5    Str: 21    XL:     4   Next: 53%
Magic:  4/4        EV: 12    Int:  9    God:
Gold:   127        SH:  0    Dex: 14    Spells: 3/3 levels left

rFire   . .          .
                       - Unarmed
rCold   . . .        (no shield)
rNeg    . . .        k - +0 ring mail
rPois   .            (helmet currently unavailable)
rElec   .            (cloak currently unavailable)
rCorr   +            (gloves currently unavailable)
SInv    .            (boots currently unavailable)
Will    .....        (no amulet)
Stlth   +            e - ring of resist corrosion
HPRegen 0.25/turn    j - +6 ring of strength
MPRegen 0.09/turn

%: no passive effects
@: mighty, beast-form
A: beast (slay +2), (nimble swimmer 2), mertail
a: Begin Untransformation


You were on level 3 of the Dungeon.
You were a hulking beast.
You visited 1 branch of the dungeon, and saw 3 of its levels.

You collected 127 gold pieces.

Inventory:

Hand Weapons
 d - a +1 short sword of freezing
Missiles
 h - 3 poisoned darts
Armour
 a - a +0 animal skin
 k - a +0 ring mail (worn)
Jewellery
 e - a ring of resist corrosion (left hand)
 j - a +6 ring of strength (right hand)
Talismans
 c - a beast talisman (active)
Scrolls
 f - a scroll of teleportation {unknown}
 g - a scroll of immolation {unknown}
Potions
 b - 2 potions of might
 i - a potion of mutation {unknown}
 l - 2 potions of curing {unknown}


   Skills:
 + Level 2.3 Fighting
 + Level 3.7 Dodging
 * Level 4.5 Unarmed Combat
 + Level 4.2 Shapeshifting


You had 3 spell levels left.
You didn't know any spells.
Your spell library was empty.

Dungeon Overview and Level Annotations

Branches:
Dungeon (3/15)

Altars:

Annotations:
D:3 Sigmund


Innate Abilities, Weirdness & Mutations

You are a hulking beast.
Your limbs bulge with bestial killing power. (Slay +2)
((You are very nimble when in or above water. (Stealth+, EV+, Speed+++)))
Your lower body shifts to a powerful aquatic tail in water.


Message History

There is an open door here.
You punch the ball python!
You kill the ball python!
You see here a ball python corpse.
Found a dagger.
Found 10 gold pieces.
You now have 117 gold pieces (gained 13).
You see here a +0 hand axe.
An endoplasm comes into view.
You see here 10 gold pieces.
You now have 127 gold pieces (gained 10).
Sigmund the Dreaded comes into view.
He is wielding a +1 heavy scythe.
Sigmund shouts!
You hit the endoplasm but do no damage.
The endoplasm hits you but does no damage.
Sigmund gestures wildly while chanting.
Sigmund flickers and vanishes!
Deactivating autopickup; reactivate with Ctrl-A.
You completely miss the endoplasm. The endoplasm freezes you.
You are frozen.
You hit the endoplasm.
The endoplasm is moderately wounded.
The endoplasm hits you but does no damage.
You punch the endoplasm!
You kill the endoplasm!
Something completely misses you.
You closely miss something. Something hits you!
You miss something. You closely miss something. Your punch misses something.
You closely miss something. Your punch misses something.
You hear some strange, mumbled words.
A puff of flame appears from out of thin air!
The puff of flame hits you!
* * * LOW HITPOINT WARNING * * *
Okay, then.
It was a potion of might.
You feel very mighty all of a sudden. Something hits you!
You die...

. ...
....#########
............#
......{h....#
............#
..........).######
.......).........#
###..............#
#..............# #
########.......#
.##
#.......####...
##.......#....##


There were no monsters in sight!

Vanquished Creatures
  2 adders
  3 worms (D:2)
  2 dart slugs (D:2)
  An orc (D:2)
  9 ball pythons
  5 endoplasms
  A giant cockroach (D:1)
  3 goblins
  3 hobgoblins
  3 jackals (D:2)
  2 quokkas (D:2)
  7 bats
  2 frilled lizards
  3 kobolds
  7 rats
53 creatures vanquished.

Notes
Turn   | Place    | Note
-------+----------+-------------------------------------------
     0 | D:1      | avis the Merfolk Shapeshifter began the quest for the Orb.
     0 | D:1      | Reached XP level 1. HP: 15/15 MP: 1/1
   147 | D:1      | Reached XP level 2. HP: 20/21 MP: 2/2
   744 | D:1      | Found a faded altar of an unknown god.
   818 | D:2      | Reached XP level 3. HP: 12/27 MP: 3/3
  1243 | D:2      | Reached XP level 4. HP: 33/33 MP: 4/4
  1688 | D:3      | Noticed Sigmund
  1699 | D:3      | Slain by Sigmund

Illustrated notes

Levels and vault maps discovered:
D:1:      nzn_arrival_crosshair, layout_loops_cross, basic_ecumenical_altar
D:2:      layout_rooms, hex_large, hangedman_abyss_or_decor_stabs
D:3:      layout_basic, moated_statue, minmay_vboxes, uniq_grinder, uniq_sigmund

Skill      XL: |  1  2  3 |
---------------+----------+-----
Dodging        | 3 |  3.7
Unarmed Combat | 4 |  4.5
Fighting       | 2 |  2.3
Shapeshifting  | |  4.2

Action                     |  1- 3 |  4- 6 || total
---------------------------+-------+-------++-------
  Melee: Unarmed           |   103 |    49 ||   152
         Punch             |     2 |     1 ||     3
    Use: Potion            |     1 |     1 ||     2
   Stab: Sleeping          |     1 |       ||     1
 Armour: Animal skin       |    16 |     1 ||    17
         Ring mail         |       |    11 ||    11
  Dodge: Dodged            |    57 |    19 ||    76

Table legend: (Time is in decaauts)
 A = Elapsed time spent in this place.
 B = Non-inter-level travel time spent in this place.
 C = Inter-level travel time spent in this place.
 D = Time resting spent in this place.
 E = Time spent auto-exploring this place.
 F = Levels seen in this place.
 G = Mean time per level.
                   A        B        C        D        E       F      G
               +--------+--------+--------+--------+--------+-----+--------+
         Total |   1687 |   1520 |    167 |    325 |    723 |   3 |  562.3 |
       Dungeon |   1687 |   1520 |    167 |    325 |    723 |   3 |  562.3 |
               +--------+--------+--------+--------+--------+-----+--------+

Top non-repeatable levels by time:
     D:1: 878 daAuts
     D:2: 626 daAuts
     D:3: 182 daAuts
